cohdb
Replays
Latest Replays
All Replays
Popular Replays
Top Player Replays
Match Explorer
How It Works
Community
CoH3 Stats
Reddit
Sign in to upload your games and track your stats! →
Sign in with Steam
Match 42709973
Unlisted
Match 42709973
Overview
Messages
Build Orders
End
Construct Infanterie Kompanie
Kettenkrad Recon Vehicle
Selects Breakthrough Battlegroup
Selects Assault Grenadiers
Grenadier Squad
MG 42 Machine Gun Team
Grenadier Squad
Infanterie Officer Quarters
Grenadier Squad
Selects Breakthrough
Medical Station
MG 42 Machine Gun Team
Construct Panzergrenadier Kompanie
Pak 40 Anti-tank Gun Team
Support Elements
Nebelwerfer 42 Rocket Launcher Team
Selects Mechanized Assault Group
Mechanized Assault Group
Construct Panzer Kompanie
Selects Rapid Production
BigTiddyLebron
kreumat
Lonnaty
spinchos
0
0
Comments
sign in to comment!
No comments posted yet!